 Dungeon Crawl Stone Soup version 0.27.0-1-g7a089689b8 (webtiles) character file.

Game seed: 14308161470878542313

7 MajorAdolf the Sneak (level 2, -1/26 HPs)
             Began as a Naga Wanderer on Aug 3, 2021.
             Slain by a gnoll (7 damage)
             ... on level 1 of the Dungeon.
             The game lasted 00:00:26 (449 turns).

MajorAdolf the Sneak (Naga Wanderer)                 Turns: 449, Time: 00:00:26

Health: -1/26      AC:  1    Str: 16    XL:     2   Next: 4%
Magic:  2/2        EV:  9    Int: 10    God:
Gold:   11         SH:  0    Dex: 10    Spells: 1/1 levels left

rFire    . . .     SeeInvis +   a - +2 dagger
rCold    . . .     Faith    .   (no shield)
rNeg     . . .     Spirit   .   e - +0 robe
rPois    +         Reflect  .   (no helmet)
rElec    .         Harm     .   (no cloak)
rCorr    .         Rampage  .   (no gloves)
Will     .....                  (no barding)
Stlth    ++........             (no amulet)
HPRegen  0.08/turn              (no ring)
MPRegen  0.08/turn              (no ring)

@: short of breath, very slow
A: AC +0, large, see invisible, deformed body, poison resistance, slowness 2,
spit poison 1, naga tail 1
a: Spit Poison


You were on level 1 of the Dungeon.
You visited 1 branch of the dungeon, and saw 1 of its levels.

You collected 11 gold pieces.

Inventory:

Hand Weapons
 a - a +2 dagger (weapon)
 c - a +0 mace
Armour
 e - a +0 robe (worn)
Scrolls
 d - a scroll of teleportation
Potions
 b - a potion of berserk rage


   Skills:
 - Level 2.0 Fighting
 + Level 1.0 Short Blades
 - Level 2.0(2.1) Maces & Flails
 - Level 1.0(1.6) Staves
 - Level 1.5 Armour
 - Level 1.0 Dodging
 + Level 3.6 Stealth


You had one spell level left.
You didn't know any spells.
Your spell library was empty.

Dungeon Overview and Level Annotations

Branches:
Dungeon (1/15)

Altars:


Innate Abilities, Weirdness & Mutations

Your serpentine skin is tough. (AC +0)
You have supernaturally acute eyesight. (SInv)
Armour fits poorly on your strangely shaped body.
Your system is resistant to poisons. (rPois)
You cover ground very slowly.
You can spit poison.
You have a snake-like lower body.


Message History

You kill the hobgoblin!
Your Short Blades skill increases to level 1!
You have reached level 2!
You see here a hobgoblin corpse.
Found an escape hatch in the floor.
There is an escape hatch in the floor here.
Found 23 stones.
No target in view!
No target in view!
No target in view!
A gnoll comes into view. It is wielding a +0 flail.
The gnoll shouts!
The gnoll moves out of view.
A gnoll is nearby!
A gnoll is nearby!
A gnoll is nearby!
You hit the gnoll.
The gnoll is lightly wounded.
You hit the gnoll.
The gnoll is moderately wounded.
The gnoll hits you with a +0 flail!
Press: ? - help, Shift-Dir - straight line, f - gnoll
Aim: a gnoll, wielding a +0 flail (moderately wounded)
You fail to use your ability.
The gnoll barely misses you.
Unknown command.
You hit the gnoll but do no damage.
The gnoll is moderately wounded.
The gnoll hits you with a +0 flail!
Ouch! That really hurt!
* * * LOW HITPOINT WARNING * * *
Unknown command.
Press: ? - help, Shift-Dir - straight line, f/p - gnoll
Aim: a gnoll, wielding a +0 flail (moderately wounded)
The splash of poison hits the gnoll.
The gnoll is severely wounded.
A rat comes into view.
The gnoll closely misses you.
Unknown command.
The gnoll hits you with a +0 flail!
You die...

#.........##.......#
#.##.####.##.......#
.###.##.# #.##.......#
........####.##.......#
#..........##.......#
.....#..####.#.........
.## #.># #.#........#
#.##..## #.#.###.####
#...@..###..........#
####g................
#.............#...#.#...
...............#.#...#.#
#######r#...#...#.....#.
..#....#..#.....#.
#...#..(###.....##
###..#..#..#...#..
#...###...#.#...


You could see a gnoll and a rat (wandering).

Vanquished Creatures
  2 hobgoblins (D:1)
  2 jackals (D:1)
  A bat (D:1)
  A frilled lizard (D:1)
  A rat (D:1)
7 creatures vanquished.

Notes
Turn   | Place    | Note
-------+----------+-------------------------------------------
     0 | D:1      | MajorAdolf the Naga Wanderer began the quest for the Orb.
     0 | D:1      | MajorAdolf set off with the following items: a +2 dagger, a
                  | potion of berserk rage, a +0 mace, a scroll of
                  | teleportation, a +0 robe
     0 | D:1      | Reached XP level 1. HP: 19/19 MP: 1/1
   393 | D:1      | Reached skill level 1 in Short Blades
   393 | D:1      | Reached XP level 2. HP: 23/26 MP: 2/2
   449 | D:1      | Slain by a gnoll

Illustrated notes

Levels and vault maps discovered:
D:1:      lightli_arrival_flooded_house, layout_loops_ring,
          shapermc_ecumenical_altar_flowoftime, serial_shops,
          nicolae_shop_trees, minmay_splitting_lines, minmay_pentomino_v4

Skill      XL: |  1 |
---------------+----+-----
Short Blades   | 1 |  1.0
Fighting       | |  2.0
Maces & Flails | |  2.0
Staves         | |  1.0
Armour         | |  1.5
Dodging        | |  1.0
Stealth        | |  3.6

Action                   || total
-------------------------++-------
Melee: Dagger            ||    18
 Abil: Spit Poison       ||     2
 Stab: Sleeping          ||     1
Armor: Robe              ||     3
Dodge: Dodged            ||     6
